 Dungeon Crawl Stone Soup version 0.27-a0-1416-g941b2bd30b (webtiles) character file.

Game seed: 14428742884740550276

2 Tocho the Ruffian (level 1, 0/16 HPs)
             Began as a Draconian Transmuter on July 1, 2021.
             Frozen to death by an endoplasm (4 damage)
             ... on level 1 of the Dungeon.
             The game lasted 00:00:18 (185 turns).

Tocho the Ruffian (Draconian Transmuter)             Turns: 185, Time: 00:00:19

Health: 0/16       AC:  4    Str: 12    XL:     1   Next: 25%
Magic:  3/3        EV: 12    Int: 13    God:
Gold:   11         SH:  0    Dex: 11    Spells: 3/4 levels left

rFire    . . .     SeeInvis .     - Unarmed
rCold    . . .     Faith    .   (no shield)
rNeg     . . .     Spirit   .   (armour unavailable)
rPois    .         Reflect  .   (helmet restricted)
rElec    .         Harm     .   (no cloak)
rCorr    .         Rampage  .   (no gloves)
Will     .....                  (no boots)
Stlth    +.........             (no amulet)
HPRegen  0.05/turn              (no ring)
MPRegen  0.08/turn              (no ring)

@: slowed, very slow
A: AC +4, unfitting armour, cold-blooded
a: no special abilities


You were on level 1 of the Dungeon.
You visited 1 branch of the dungeon, and saw 1 of its levels.

You collected 11 gold pieces.

Inventory:

Jewellery
 a - an amulet of magic regeneration


   Skills:
 * Level 1.1 Fighting
 * Level 1.9 Dodging
 * Level 3.0 Unarmed Combat
 + Level 2.0 Spellcasting
 + Level 2.0 Transmutations


You had 3 spell levels left.
You knew the following spells:

 Your Spells              Type           Power      Damage    Failure   Level
a - Beastly Appendage     Tmut           12%        N/A       11%         1

Your spell library contained the following spells:

 Spells                   Type           Power      Damage    Failure   Level
 Wereblood                Tmut           6%         N/A       17%         2
 Spider Form              Tmut/Pois      1%         N/A       45%         3
 Ice Form                 Ice/Tmut       3%         N/A       86%         4


Dungeon Overview and Level Annotations

Branches:
Dungeon (1/15)

Altars:


Innate Abilities, Weirdness & Mutations

Your plain brown scales are hard. (AC +4)
You cannot fit into any form of body armour.
You are cold-blooded and may be slowed by cold attacks.


Message History

No target in view!
No target in view!
You now have 11 gold pieces.
HP restored.
Your transformation is almost over.
Your horns disappear.
Your talons disappear.
You see here a ball python corpse.
You see here a ball python corpse.
Found a stone staircase leading down.
There is a stone staircase leading down here.
A giant cockroach and a goblin come into view.
The goblin shouts!
You hear a shout!
Found a Young Poisoner's Handbook and a scroll labelled QUBOVU CAPA.
A kobold comes into view. It is wielding a +0 dagger.
An endoplasm comes into view.
The endoplasm quivers.
The kobold shouts!
You hit the goblin.
The goblin is moderately wounded.
The goblin closely misses you.
A hobgoblin comes into view.
You completely miss the goblin. You tail-slap the goblin.
You kill the goblin!
A dart slug comes into view.
The giant cockroach closely misses you.
You barely miss the hobgoblin. The hobgoblin barely misses you.
The giant cockroach barely misses you.
You closely miss the hobgoblin. The endoplasm freezes you.
You are frozen.
You feel yourself slow down. The hobgoblin misses you.
The giant cockroach closely misses you.
You closely miss the hobgoblin. The endoplasm freezes you.
You are frozen.
The hobgoblin hits you.
* * * LOW HITPOINT WARNING * * *
The giant cockroach bites you but does no damage.
The kobold hits you but does no damage. The endoplasm freezes you.
You are frozen.
You die...

....... ..?....
....... #......
#......
.......###########
......Kg.....>...#
###.##@###.####.#
#BJ##.# #.#
...##.# #.#
:....#.# #.# ####
....#.#.# #.# #...
#.####w#.# #.#
#.## #. .#.# #.#
#.#. # ...#
#.####.#.
#....#...


You could see a dart slug, an endoplasm, a giant cockroach, a hobgoblin and a
kobold.

Vanquished Creatures
  A goblin (D:1)
  A ball python (D:1)
2 creatures vanquished.

Notes
Turn   | Place    | Note
-------+----------+-------------------------------------------
     0 | D:1      | Tocho the Draconian Transmuter began the quest for the Orb.
     0 | D:1      | Reached XP level 1. HP: 16/16 MP: 3/3
   185 | D:1      | Frozen to death by an endoplasm

Illustrated notes

Levels and vault maps discovered:
D:1:      lemuel_arrival_behind_the_door_small, layout_basic,
          chequers_hall_statues_corner_a

Action                   || total
-------------------------++-------
Melee: Unarmed           ||     7
       Tailslap          ||     1
 Cast: Beastly Appendage ||     2
Armor: Skin              ||     2
Dodge: Dodged            ||     8

Table legend: (Time is in decaauts)
 A = Elapsed time spent in this place.
 B = Non-inter-level travel time spent in this place.
 C = Inter-level travel time spent in this place.
 D = Time resting spent in this place.
 E = Time spent auto-exploring this place.
 F = Levels seen in this place.
 G = Mean time per level.
                   A        B        C        D        E       F      G
               +--------+--------+--------+--------+--------+-----+--------+
         Total |    184 |    184 |      0 |      0 |    169 |   1 |  184.0 |
       Dungeon |    184 |    184 |      0 |      0 |    169 |   1 |  184.0 |
               +--------+--------+--------+--------+--------+-----+--------+

Top non-repeatable levels by time:
     D:1: 184 daAuts
